 Dungeon Crawl Stone Soup version 0.18-a0-1273-g8ec5f8e (webtiles) character file.

95 dvd the Scratcher (level 4, 0/19 HPs)
             Began as a Felid Transmuter on Feb 7, 2016.
             Succumbed to an adder's poison
             ... on level 3 of the Dungeon.
             The game lasted 00:11:27 (3741 turns).

dvd the Scratcher (Felid Transmuter)                Turns: 3741, Time: 00:11:27

Health: 0/19       AC:  2    Str:  6    XL:     4   Next: 39%
Magic:  2/9        EV: 23    Int: 15    God:
Gold:   101        SH:  0    Dex: 22    Spells: 2 memorised, 4 levels left
                                        Lives:  0   Deaths: 1

rFire  . . .     SeeInvis +       - Unarmed
rCold  . . .     Gourm    .     (armour unavailable)
rNeg   . . .     Faith    .     (shield unavailable)
rPois  x         Spirit   .     (helmet unavailable)
rElec  .         Dismiss  .     (cloak unavailable)
rCorr  .         Reflect  .     (gloves unavailable)
SustAt .         Harm     .     (boots unavailable)
MR     .....                    (no amulet)
Stlth  +++.......               (no ring)
                                (no ring)

@: lethally poisoned (0 -> -19), spider-form (expiring), very slightly
contaminated, not resistant to hostile enchantments, fairly stealthy
A: no armour, no weapons or thrown items, (claws 0), (fangs 0), see invisible,
carnivore 3, (speed 0), (shaggy fur 0), slow metabolism 1, (sharp paws)
a: End Transformation


You were on level 3 of the Dungeon.
You were completely stuffed.
You were a venomous arachnid creature.
You visited 1 branch of the dungeon, and saw 3 of its levels.

You collected 101 gold pieces.

Inventory:

Missiles
 a - 37 arrows
Jewellery
 h - an uncursed ring of positive energy {unknown}
Scrolls
 d - 3 scrolls of recharging {unknown}
 e - a scroll of enchant weapon {unknown}
 f - a scroll of blinking {unknown}
 g - a scroll of teleportation {unknown}
 i - 6 scrolls of identify {unknown}
 j - a scroll of magic mapping {unknown}
 k - a scroll of immolation {unknown}
 m - 2 scrolls of remove curse {unknown}
Books
 b - a book of Changes

   Spells                             Type                      Level
   a - Beastly Appendage              Transmutation                1
   b - Sticks to Snakes               Transmutation                2
   c - Spider Form                    Transmutation/Poison         3
   d - Ice Form                       Ice/Transmutation            4
   e - Blade Hands                    Transmutation                5
Comestibles
 c - 3 meat rations
 l - 2 chunks of flesh


   Skills:
 + Level 2.0 Fighting
 + Level 3.7 Dodging
 + Level 2.3 Stealth
 + Level 3.8 Unarmed Combat
 + Level 2.7 Spellcasting
 + Level 3.1 Transmutations


You had 4 spell levels left.
You knew the following spells:

 Your Spells              Type           Power        Failure   Level  Hunger
a - Beastly Appendage     Trmt           ##....       21%         1    #......
b - Spider Form           Trmt/Pois      #.........   56%         3    ###....


Dungeon Overview and Level Annotations

Branches:
Dungeon (3/15)

Altars:
Yredelemnul
Zin

Annotations:
D:3 dvd's ghost, weakling DECj


Innate Abilities, Weirdness & Mutations

You cannot wear armour.
You are incapable of wielding weapons or throwing items.
((You have sharp claws.))
((You have razor-sharp teeth.))
You have supernaturally acute eyesight.
You are carnivorous and can eat meat at any time.
((You cover ground quickly.))
((You are covered in fur (AC +1).))
You have a slow metabolism.
((Your sharp claws are effective at attacking unaware monsters.))


Message History

You are poisoned.
The adder poisons you!
You feel sick. The adder closely misses you.
Casting: Beastly Appendage
Confirm with . or Enter, or press ? or * to list all spells.
Your horns disappear.
You turn into a venomous arachnid creature.
You feel sick. The adder completely misses you.
You closely miss the adder. The adder bites you.
You hit the adder.
The adder is heavily wounded.
You feel sick. The adder bites you.
* * * LOW HITPOINT WARNING * * *
You are more poisoned.
The adder poisons you! The adder barely misses you.
* * * LOW HITPOINT WARNING * * *
You feel sick.
You hit the adder but do no damage.
The adder is heavily wounded.
You die...

#(# #.#.#.##.. ..
###.# #.#.#.##.####
#...# #.#.#.##.# #.###
#.#...##.####
###.######.###.##.....
#........#.###)##..###
#.#.####.#.........#
#.#.####.#..##.###.#
#.#..sS.S............
#.########......##..##
#.# ##..###.#..# #.#
..#.# ....# #.#
#.###.# .##.# #.# .###
#.. # .# #.# .... ###
#.# #..# #.# ###..#


You could see 2 adders.

Vanquished Creatures
  Natasha (D:2)
  Terence (D:2)
  7 adders
  2 oozes
  A worm (D:2)
  A giant gecko (D:3)
  10 bats
  A hobgoblin (D:1)
  4 jackals
  4 kobolds
  2 quokkas (D:3)
  A ball python (D:1)
  2 giant newts
  6 goblins
  7 rats
50 creatures vanquished.

Notes
Turn   | Place    | Note
--------------------------------------------------------------
     0 | D:1      | dvd the Felid Transmuter began the quest for the Orb.
     0 | D:1      | Reached XP level 1. HP: 9/9 MP: 4/4
   327 | D:1      | Reached XP level 2. HP: 10/12 MP: 6/6
  1048 | D:2      | Noticed Terence
  1299 | D:2      | Reached XP level 3. HP: 15/15 MP: 4/7
  1320 | D:2      | Killed Terence
  1320 | D:2      | Reached skill level 1 in Stealth
  1536 | D:2      | Learned a level 3 spell: Spider Form
  1816 | D:2      | Reached XP level 4. HP: 13/19 MP: 8/8
  1996 | D:2      | Found a glowing silver altar of Zin.
  2850 | D:2      | Found a basalt altar of Yredelemnul.
  2930 | D:2      | Noticed Natasha
  2940 | D:2      | Killed Natasha
  2940 | D:2      | Reached XP level 5. HP: 22/22 MP: 5/10
  3130 | D:3      | Noticed dvd's ghost (weakling DECj)
  3165 | D:3      | Slain by dvd's ghost
  3166 | D:3      | Reached XP level 4. HP: 0/19 MP: 9/9
  3741 | D:3      | Succumbed to an adder's poison

Vault maps used:
D:1:      minmay_arrival_five_plusses
D:2:      zin_treasury, yredelemnul_altar_generic, uniq_natasha, uniq_terence
D:3:      fedhas_altar_2

Action                   |  1- 3 |  4- 6 || total
-------------------------+-------+-------++-------
Melee: Unarmed           |    87 |   110 ||   197
 Cast: Beastly Appendage |    16 |    19 ||    35
       Spider Form       |       |     7 ||     7
  Use: Potion            |     1 |       ||     1
 Stab: Sleeping          |     5 |     1 ||     6
  Eat: Chunk             |     9 |    10 ||    19
